 Dungeon Sprint DCSS version 0.29.1-15-g9cfb28693d (webtiles) character file.

Game seed: 13525552667012142059

1216 Groucho the Covert (level 8, -2/36 HPs)
             Began as a Spriggan Enchanter on May 1, 2023.
             Was an Initiate of Dithmenos.
             Shot with a bolt by a yaktaur (22 damage)
             ... in the Dungeon (Sprint II: "The Violet Keep of Menkaure").
             The game lasted 00:05:28 (602 turns).

Groucho the Covert (Spriggan Enchanter)              Turns: 602, Time: 00:05:28

Health: -2/36      AC:  2    Str:  6    XL:     8   Next: 22%
Magic:  22/24      EV: 18    Int: 16    God:    Dithmenos [......]
Gold:   310        SH:  0    Dex: 16    Spells: 15/29 levels left

rFire   + . .      SeeInvis +   a - +1 dagger
rCold   . . .      Faith    .   (no shield)
rNeg    . . .      Spirit   .   b - +0 robe
rPois   .          Reflect  .   (helmet restricted)
rElec   .          Harm     .   (no cloak)
rCorr   .          Rampage  .   (gloves unavailable)
Will    +....      NoTele   +   (boots unavailable)
Stlth   ++++++....              (no amulet)
HPRegen 0.12/turn               j - ring of protection from fire
MPRegen 0.19/turn               (no ring)

@: very quick
A: very small, no large weapons, unfitting armour, see invisible, speed 3
a: Renounce Religion


You were in the Dungeon.
You worshipped Dithmenos.
Dithmenos was noncommittal.
You visited 1 branch You collected 972 gold pieces.
You spent 662 gold pieces at shops.

Inventory:

Hand Weapons
 a - a +1 dagger (weapon)
 f - a +1 rapier of protection
Armour
 b - a +0 robe (worn)
Jewellery
 j - a ring of protection from fire (left hand)
Scrolls
 i - a scroll of blinking
Potions
 c - a potion of invisibility
 d - a potion of curing
 e - a potion of heal wounds
 g - 2 potions of magic
 h - a potion of berserk rage


   Skills:
 - Level 10.0 Short Blades
 + Level 3.4 Dodging
 + Level 14.5 Stealth
 + Level 11.2 Spellcasting
 + Level 11.5 Hexes


You had 15 spell levels left.
You knew the following spells:

 Your Spells              Type           Power      Damage    Failure   Level
a - Ensorcelled Hibernat  Hex/Ice        54%        N/A       1%          2
b - Confusing Touch       Hex            46%        N/A       1%          3
c - Dazzling Flash        Conj/Hex       54%        N/A       2%          3
d - Sandblast             Erth           16%        2d6       9%          1
e - Passwall              Tmut/Erth      6%         N/A       12%         2
f - Stone Arrow           Conj/Erth      16%        3d8       24%         3

Your spell library contained the following spells:

 Spells                   Type           Power      Damage    Failure   Level
 Tukima's Dance           Hex            46%        N/A       1%          3


Dungeon Overview and Level Annotations

Branches:
Dungeon (1/1)

Altars:
Cheibriados
Dithmenos
Elyvilon
Fedhas
Gozag
Hepliaklqana
Kikubaaqudgha
Makhleb
Nemelex Xobeh
Okawaru
Qazlal
Ru
Sif Muna
Trog
Uskayaw
Vehumet
Wu Jian
Xom
Yredelemnul
Zin
The Shining One
Jiyva
Lugonu

Shops:
D !:(?=!:==:[:[!*

Annotations:
D exclusion: oklob plant


Innate Abilities, Weirdness & Mutations

You are very small and have problems with some larger weapons.
You are too small for most types of armour.
You have supernaturally acute eyesight. (SInv)
You cover ground extremely quickly. (Speed+++)


Message History

Found 81 gold pieces.
The polar bear growls angrily.
The yaktaur shouts!
You open the door.
Casting: Passwall (safe; 12% risk of failure)
Confirm with . or Enter, or press ? or * to list all spells.
Your hands begin to glow red.
The polar bear growls angrily. x2
The polar bear bites you. The polar bear barely misses you.
The polar bear claws you.
You barely miss the polar bear.
The hornet buzzes angrily.
You hit the polar bear but do no damage.
The polar bear completely misses you. The polar bear claws you.
The polar bear misses you.
You hit the polar bear but do no damage.
The polar bear appears confused.
You hit the polar bear but do no damage.
You hit the polar bear.
The polar bear is lightly wounded.
You barely miss the polar bear.
The polar bear is lightly wounded.
The polar bear bites you. The polar bear barely misses you.
The polar bear misses you.
You strike the helpless polar bear from behind!
You skewer the polar bear like a kebab!!!
The polar bear is almost dead.
You hit the polar bear but do no damage.
The polar bear is almost dead.
The polar bear fails to trigger a net trap.
You barely miss the polar bear.
The polar bear is almost dead.
You barely miss the polar bear.
The polar bear is almost dead.
The polar bear bites itself.
The polar bear is killed!
Dithmenos accepts your kill.
The yaktaur wields a +0 arbalest.
The yaktaur shoots a bolt.
The bolt hits you!!
Ouch! That really hurt!
You die... .#..# ...# ...####..## #.. $# $[(?(

#'###.##..# +.. .#▓?[?[$
#.###..#..# #..# .#▓?)!)(
.<.'.##'..####.^##h ▓[[?=$
#.###..#....###.^.##▓▓▓▓▓▓▓
#'###.##......~hcy~~~~~~~~~
.#.####~~.....~#†########+##
###.#~~§~§~~..~#@.._._._#S§§
##~~§~§§~~.~#_._._._.#§~§
#~~~§≈≈~§~~~#._._._._#§~§
~~~~~~≈§§≈~~§#_._._._.#§§§ +
+++#~≈≈≈§≈≈≈~#._._._..#§~§
##≈≈≈###≈≈#_._._...#~~~
##≈≈# #≈≈#._._....#~§§ +≈≈
#≈§#.._.....#§§≈
#≈≈≈≈≈≈≈##########~§≈


You could see 2 polar bears, a yaktaur and a hornet.

Vanquished Creatures
  A merfolk siren (D)
  A polar bear (D)
  2 wyverns (D)
  Menkaure (D)
  4 necrophages (D)
  4 scorpions (D)
13 creatures vanquished.

Notes
Turn   | Place    | Note
-------+----------+-------------------------------------------
     0 | D        | Groucho the Spriggan Enchanter began the quest for the Orb.
     0 | D        | Reached XP level 1. HP: 9/9 MP: 5/5
     1 | D        | Noticed a merfolk siren
     6 | D        | Noticed a necrophage
     6 | D        | Noticed a necrophage
     6 | D        | Noticed a necrophage
     6 | D        | Noticed a necrophage
    17 | D        | Killed a necrophage
    18 | D        | Reached skill level 7 in Stealth
    18 | D        | Reached skill level 5 in Spellcasting
    18 | D        | Reached skill level 5 in Hexes
    18 | D        | Reached XP level 2. HP: 4/13 MP: 6/9
    18 | D        | Reached XP level 3. HP: 5/16 MP: 6/10
    21 | D        | Killed a necrophage
    22 | D        | Reached skill level 5 in Short Blades
    22 | D        | Reached skill level 8 in Stealth
    22 | D        | Reached XP level 4. HP: 7/21 MP: 7/13
    24 | D        | Killed a necrophage
    25 | D        | Reached skill level 9 in Stealth
    25 | D        | Reached XP level 5. HP: 9/24 MP: 7/15
    29 | D        | Reached skill level 10 in Stealth
    36 | D        | Reached XP level 6. HP: 11/28 MP: 9/18
    37 | D        | Reached skill level 11 in Stealth
    41 | D        | Reached skill level 12 in Stealth
    44 | D        | Noticed a wyvern
    44 | D        | Noticed a wyvern
    47 | D        | Killed a wyvern
    48 | D        | Reached skill level 10 in Hexes
    48 | D        | Reached XP level 7. HP: 13/32 MP: 9/21
    50 | D        | Killed a wyvern
    51 | D        | Reached skill level 13 in Stealth
    51 | D        | Reached skill level 10 in Spellcasting
    57 | D        | Killed a merfolk siren
    58 | D        | Reached skill level 14 in Stealth
    58 | D        | Reached XP level 8. HP: 15/36 MP: 10/24
    97 | D        | Learned a level 2 spell: Ensorcelled Hibernation
   101 | D        | Learned a level 3 spell: Confusing Touch
   105 | D        | Learned a level 3 spell: Dazzling Flash
   410 | D        | Found Akanieth's Book Boutique.
   410 | D        | Found Quseekh's Distillery.
   410 | D        | Found Maohiy's Antique Armour Shop.
   411 | D        | Found Romerch's General Store.
   411 | D        | Found Tali's Book Shop.
   411 | D        | Found Lir Keluq's Jewellery Boutique.
   411 | D        | Found Wutiad's Jewellery Shop.
   412 | D        | Found Eqer's Antique Armour Shop.
   412 | D        | Found Gexif's Book Boutique.
   412 | D        | Found Ylaenuf's Distillery.
   412 | D        | Found Siaca's Jewellery Shop.
   412 | D        | Noticed Menkaure
   412 | D        | Noticed a shining eye
   412 | D        | Noticed a shining eye
   442 | D        | Killed Menkaure
   443 | D        | Reached skill level 10 in Short Blades
   445 | D        | Found Plog's Magic Scroll Boutique.
   445 | D        | Found Zuribon's Antique Weapon Shop.
   445 | D        | Noticed a shining eye
   445 | D        | Noticed an oklob plant
   446 | D        | Found Qejirph's Book Shoppe.
   446 | D        | Found Ypsaq's Distillery.
   448 | D        | Noticed a death yak
   450 | D        | Noticed a fire dragon
   452 | D        | Noticed a flying skull
   452 | D        | Noticed a flying skull
   452 | D        | Noticed a flying skull
   484 | D        | Bought a book of Geomancy for 198 gold pieces
   494 | D        | Learned a level 1 spell: Sandblast
   497 | D        | Learned a level 2 spell: Passwall
   501 | D        | Learned a level 3 spell: Stone Arrow
   511 | D        | Noticed a flying skull
   525 | D        | Bought a glowing rapier for 189 gold pieces
   535 | D        | Bought a ring of protection from fire for 275 gold pieces
   557 | D        | Found a glowing golden altar of the Shining One.
   557 | D        | Found an ornate altar of the Wu Jian Council.
   558 | D        | Found a stormy altar of Qazlal.
   562 | D        | Found a shimmering altar of Xom.
   562 | D        | Found a sacrificial altar of Ru.
   562 | D        | Found a hazy altar of Hepliaklqana.
   563 | D        | Found a shimmering blue altar of Sif Muna.
   563 | D        | Found a basalt altar of Yredelemnul.
   563 | D        | Found a viscous altar of Jiyva.
   564 | D        | Found an ancient bone altar of Kikubaaqudgha.
   564 | D        | Found a bloodstained altar of Trog.
   564 | D        | Found a snail-covered altar of Cheibriados.
   564 | D        | Found a glowing silver altar of Zin.
   565 | D        | Found a corrupted altar of Lugonu.
   565 | D        | Found a shadowy altar of Dithmenos.
   565 | D        | Found a hide-covered altar of Uskayaw.
   566 | D        | Found a white marble altar of Elyvilon.
   566 | D        | Found a burning altar of Makhleb.
   566 | D        | Found a radiant altar of Vehumet.
   570 | D        | Found a blossoming altar of Fedhas.
   570 | D        | Found an opulent altar of Gozag.
   570 | D        | Found a sparkling altar of Nemelex Xobeh.
   570 | D        | Found an iron altar of Okawaru.
   575 | D        | Became a worshipper of Dithmenos the Shadowed
   587 | D        | Noticed a yaktaur
   587 | D        | Noticed a hornet
   587 | D        | Noticed a polar bear
   587 | D        | Noticed a polar bear
   589 | D        | Noticed a polar bear
   602 | D        | Killed a polar bear
   602 | D        | Shot with a bolt by a yaktaur

Illustrated notes

Levels and vault maps discovered:
D:        the_violet_keep_of_menkaure [sprint2_stairs_cluster_1,
          sprint2_shoproom, sprint2_temple, sprint2_basic_supplies,
          sprint2_obstacle_3, sprint2_obstacle_6, sprint2_obstacle_7,
          sprint2_obstacle_1, sprint2_obstacle_4, sprint2_timed_cluster_1,
          sprint2_smallroom_cluster_1, sprint2_smallroom_final_cluster_1,
          sprint2_transparent_cluster_1, sprint2_second_timed_cluster_1,
          sprint2_sniper_area_1, sprint2_heavy_combat_area_1,
          sprint2_mutation_trap_area_1, sprint2_forest_area_1,
          sprint2_light_combat_area_1, sprint2_behind_water_1,
          sprint2_near_end_vault_1]

Skill      XL: |  1  2  3  4  5  6  7  8 |
---------------+-------------------------+-----
Short Blades   | 4 5 6 7 8 9 10 | 10.0
Stealth        | 7 8 9 10 12 14 | 14.5
Spellcasting   | 5 6 7 8 9 11 | 11.2
Hexes          | 5 6 7 8 10 11 | 11.5
Dodging        | 3 |  3.4

Action                   |  1- 3 |  4- 6 |  7- 9 || total
-------------------------+-------+-------+-------++-------
Melee: Dagger            |    13 |    14 |    27 ||    54
 Cast: Confusing Touch   |       |       |     2 ||     2
       Passwall          |       |       |     1 ||     1
  Use: Potion            |     2 |       |       ||     2
 Stab: Invisible         |     3 |     4 |       ||     7
       Sleeping          |     1 |     3 |     2 ||     6
       Confused          |       |       |     2 ||     2
Armor: Robe              |     1 |       |       ||     1
Dodge: Dodged            |    12 |     5 |     9 ||    26
